Cogmind - Beta 9.4 @@@ ROGUE MODE // 2020.01.31 @ 16:18:40 Player: alice_fexa Result: Self-destructed Performance ------------- Evolutions (3) 1500 Regions Visited (7) 1400 Robots Destroyed (48) 240 Value Destroyed (1417) 1417 Prototype IDs (31) 620 Alien Tech Used (0) 0 Bonus (300) 300 TOTAL SCORE: 5477 Bonus ------- Aligned with FarCom 300 Cogmind --------- Core Integrity 341/700 Matter 250/300 Energy 150/150 System Corruption 8% Temperature Cool (0) Movement Rolling (120) Ox2 Location -7/Storage Parts ------- > --- POWER (1) -------- Micro Nuclear Core > --- PROPULSION (3) --- Improved Treads Armored Huge Wheel > --- UTILITY (6) ------ Large Storage Unit Large Storage Unit Long-range Sensor Array Advanced Signal Interpreter Improved Force Field System Shield > --- WEAPON (3) ------- Chainsword Chainsword Chainsword > --- INVENTORY (16) --- Gravmag System Cooled Airjet Cooled Airjet Cooled Airjet Improved Cooling System Experimental Sensor Array Modified TNC Improved Melee Analysis Suite Improved Force Field Guided Plasma Cannon Enhanced Autogun Flak Gun AWS/Gauss EMP Blaster EMP Blaster Peak State ------------ > --- POWER ------------ Micro Nuclear Core > --- PROPULSION ------- Improved Treads Armored Huge Wheel > --- UTILITY ---------- Large Storage Unit Large Storage Unit Long-range Sensor Array Advanced Signal Interpreter Improved Force Field System Shield > --- WEAPON ----------- Chainsword Chainsword Chainsword > --- INVENTORY -------- Gravmag System Cooled Airjet Cooled Airjet Cooled Airjet Improved Cooling System Experimental Sensor Array Modified TNC Improved Melee Analysis Suite Improved Force Field Guided Plasma Cannon Enhanced Autogun Flak Gun AWS/Gauss EMP Blaster EMP Blaster [Rating: 53] Favorites ----------- Power Micro Nuclear Core Engine Ion Engine Power Core Micro Nuclear Core Propulsion Compact Wheel Treads Light Treads Wheel Compact Wheel Hover Unit Cooled Airjet Utility Large Storage Unit Device Advanced Heat Sink Storage Large Storage Unit Processor Improved Signal Interpreter Hackware System Shield Protection Light Armor Plating Weapon Chainsword Energy Gun Heavy EM Shotgun Ballistic Gun Enhanced Autogun Slashing Weapon Chainsword Build | -11 -10 -10 -10 -9 -8 -7 -7 ------- Run | Scr Mat Min Exi Min Mat Fac Sto Slots Evolved 6 | . . . . . 4 2 . Power . | . . . . . . . . Propulsion 1 | . . . . . 1 . . Utility 4 | . . . . . 3 1 . Weapon 1 | . . . . . . 1 . Parts Attached 73 | 6 2 1 3 . 22 38 1 Power 6 | 1 . . . . 4 1 . Engine 4 | 1 . . . . 3 . . Core 2 | . . . . . 1 1 . Reactor . | . . . . . . . . Propulsion 22 | 2 . . . . 4 15 1 Treads 8 | 1 . . . . 2 4 1 Leg . | . . . . . . . . Wheel 13 | 1 . . . . 2 10 . Hover 1 | . . . . . . 1 . Flight . | . . . . . . . . Utility 25 | 1 2 . 3 . 7 12 . Device 12 | . 1 . 1 . 3 7 . Storage 4 | 1 1 . 2 . . . . Processor 3 | . . . . . 2 1 . Hackware 1 | . . . . . . 1 . Protection 5 | . . . . . 2 3 . Artifact . | . . . . . . . . Weapon 20 | 2 . 1 . . 7 10 . Energy Gun 9 | 1 . 1 . . 5 2 . Energy Cannon . | . . . . . . . . Ballistic Gun 7 | 1 . . . . 2 4 . Ballistic Cannon . | . . . . . . . . Launcher . | . . . . . . . . Special Weapon . | . . . . . . . . Impact Weapon . | . . . . . . . . Slashing Weapon 4 | . . . . . . 4 . Piercing Weapon . | . . . . . . . . Special Melee Weapon . | . . . . . . . . Unidentified Prototypes 4 | . . . . . 2 2 . Parts Lost 14 | . 1 . . . 3 10 . Power 2 | . . . . . 1 1 . Propulsion 6 | . . . . . 1 5 . Utility 3 | . . . . . 1 2 . Weapon 3 | . 1 . . . . 2 . Highest Loss Streak 2 | . 1 . . . 2 2 . Average Slot Usage (%) 95 | . 90 100 100 100 97 95 92 Engine 5 | . 14 14 14 14 8 . . Core 3 | . . . . . . 6 7 Treads 8 | . 14 14 14 14 9 7 7 Wheel 13 | . 14 14 14 14 17 12 7 Device 12 | . 5 14 9 . 16 11 15 Storage 16 | . 14 14 18 28 18 15 15 Processor 4 | . . . . . 2 7 7 Hackware 2 | . . . . . . 3 7 Protection 4 | . . . . . 6 6 . Energy Gun 8 | . 13 14 14 14 8 6 . Ballistic Gun 7 | . 14 14 14 14 9 5 . Slashing Weapon 4 | . . . . . . 8 23 Naked Turns . | . . . . . . . . Heaviest Build 61 | 13 42 42 42 41 50 61 61 Greatest Support 32 | 16 16 16 16 16 26 32 28 Greatest Overweight (x) 5 | . 2 2 2 2 3 5 2 Average Overweight (x) 1 | . 1 2 1 2 1 1 2 Largest Inventory Capacity 18 | 6 14 12 18 16 16 16 16 Average Capacity 15 | 5 11 12 12 16 16 16 16 Most Carried 16 | 4 10 10 13 13 16 16 16 Average Carried 14 | 2 6 9 10 13 15 15 16 Final Capacity 16 | 6 12 12 16 16 16 16 16 Final Carried 16 | 4 10 10 13 13 16 16 16 Class Distribution -------------------- 53% | Scavenger-Mutant 43% | Mutant Dominant Class ---------------- Mutant | -10/Materials Mutant | -10/Mines Mutant | -10/Exiles Mutant | -9/Mines Scavenger-Mutant | -8/Materials Scavenger-Mutant | -7/Factory Mutant | -7/Storage Resources | -11 -10 -10 -10 -9 -8 -7 -7 ----------- Run | Scr Mat Min Exi Min Mat Fac Sto Matter Collected 1177 | 171 122 . . . 461 423 . Remotely . | . . . . . . . . Salvage Created 2367 | . 170 . . . 856 1341 . Parts 108 | . 9 . . . 45 54 . Haulers Intercepted 6 | . 1 . . . 3 2 . Recyclers Shooed 6 | . . . . . 2 4 . Parts Field Recycled . | . . . . . . . . Retrieved Matter . | . . . . . . . . Parts Self-Destructed . | . . . . . . . . Prevented . | . . . . . . . . Kills | -11 -10 -10 -10 -9 -8 -7 -7 ------- Run | Scr Mat Min Exi Min Mat Fac Sto Combat Hostiles Destroyed 24 | . 2 . . . 11 11 . Melee 7 | . . . . . . 7 . Guns 16 | . 2 . . . 10 4 . AOE 1 | . . . . . 1 . . Classes Destroyed 10 | . 3 . . . 3 4 . Worker 4 | . . . . . . 4 . Builder 2 | . . . . . 1 1 . Hauler 6 | . 1 . . . 3 2 . Recycler 6 | . . . . . . 6 . Mechanic 1 | . . . . . . 1 . Operator 1 | . 1 . . . . . . Watcher 4 | . . . . . 3 1 . Grunt 17 | . 2 . . . 9 6 . Sentry 5 | . . . . . 2 3 . Programmer 2 | . . . . . . 2 . Best Kill Streak 6 | . 2 . . . 4 6 . Combat Bots Only 4 | . 2 . . . 4 4 . Max Kills in Single Turn 1 | . 1 . . . 1 1 . Gunslinging . | . . . . . . . . Exploded 1 | . . . . . 1 . . Melee 1 | . . . . . . 1 . Uniques/NPCs Destroyed . | . . . . . . . . Combat | -11 -10 -10 -10 -9 -8 -7 -7 -------- Run | Scr Mat Min Exi Min Mat Fac Sto Damage Taken 2482 | . 186 . . . 695 1601 . Core 516 | . 57 . . . 100 359 . Absorbed by Shields 23 | . . . . . . 23 . Core Remaining (%) 86 | 100 . . . 77 81 . . Volleys Fired 113 | . 18 . . . 59 36 . Largest 3 | . 2 . . . 2 3 . Hottest 103 | . 60 . . . 88 103 . Shots Fired 210 | . 36 . . . 115 59 . Gun 210 | . 36 . . . 115 59 . Cannon . | . . . . . . . . Launcher . | . . . . . . . . Special . | . . . . . . . . Kinetic 99 | . 18 . . . 59 22 . Thermal 38 | . . . . . 26 12 . Explosive . | . . . . . . . . Electromagnetic 73 | . 18 . . . 30 25 . Robot Hit Streak 11 | . 7 . . . 11 11 . Robot Miss Streak 6 | . 6 . . . 3 4 . Penetration Max . | . . . . . . . . Secondary Targets 4 | . . . . . 2 2 . Max Gunslinging Chain 1 | . . . . . 1 1 . Shots Hit Robots 188 | . 16 . . . 83 89 . Core Hits 82 | . 7 . . . 35 40 . Critical Hits 3 | . . . . . 1 2 . Critical Kills 2 | . . . . . 1 1 . Critical Parts Destroyed 1 | . . . . . . 1 . Melee Attacks 86 | . . . . . . 85 1 Impact . | . . . . . . . . Slashing 86 | . . . . . . 85 1 Piercing . | . . . . . . . . Sneak Attacks 12 | . . . . . . 12 . Combat Hostiles . | . . . . . . . . Follow-up Attacks 6 | . . . . . . 6 . Damage Inflicted 5343 | . 244 . . . 1541 3558 . Guns 2393 | . 222 . . . 1344 827 . Cannons . | . . . . . . . . Explosions 271 | . 22 . . . 197 52 . Melee 2679 | . . . . . . 2679 . Ramming . | . . . . . . . . Kinetic 923 | . 97 . . . 529 297 . Thermal 685 | . 22 . . . 493 170 . Explosive . | . . . . . . . . Electromagnetic 1056 | . 125 . . . 519 412 . Impact . | . . . . . . . . Slashing 2679 | . . . . . . 2679 . Piercing . | . . . . . . . . Highest Corruption 8 | . . . . . . 8 8 Average Corruption 4 | . . . . . . 3 8 Corruption Purged . | . . . . . . . . Effects 33 | . . . . . . 31 2 Message Errors 10 | . . . . . . 9 1 Matter Fused 6 | . . . . . . 6 . Heat Flow Errors 4 | . . . . . . 3 1 Energy Discharges 4 | . . . . . . 4 . Data Loss (minor) 4 | . . . . . . 4 . Misfires 1 | . . . . . . 1 . Targeting Errors 4 | . . . . . . 4 . Overload Shots . | . . . . . . . . Overflow Damage 318 | . . . . . 18 300 . Projectiles . | . . . . . . . . Explosions 18 | . . . . . 18 . . Melee 300 | . . . . . . 300 . Knockbacks . | . . . . . . . . Impact . | . . . . . . . . Kinetic . | . . . . . . . . Secondary . | . . . . . . . . Self-Inflicted Damage 99 | . . . . . 99 . . Shots 1 | . . . . . 1 . . Rammed . | . . . . . . . . Targets Rammed . | . . . . . . . . Kicked . | . . . . . . . . Crushed . | . . . . . . . . Highest Temperature 262 | . 42 . . . . 262 173 Average Temperature 57 | . 21 . . . . 73 92 Received Heat Transfer 777 | . 102 . . . 306 369 . Siege Activations . | . . . . . . . . Robots Corrupted . | . . . . . . . . Combat Hostiles . | . . . . . . . . Parts Fried 3 | . 1 . . . 2 . . Impact Corruptions . | . . . . . . . . Robots Melted . | . . . . . . . . Combat Hostiles . | . . . . . . . . Parts Melted 1 | . . . . . 1 . . Heat Transferred 1336 | . 50 . . . 977 309 . Parts Sabotaged . | . . . . . . . . Parts Stolen . | . . . . . . . . Parts Stripped . | . . . . . . . . Power Chain Reactions 6 | . 1 . . . 4 1 . Missiles Intercepted . | . . . . . . . . Alert | -11 -10 -10 -10 -9 -8 -7 -7 ------- Run | Scr Mat Min Exi Min Mat Fac Sto Peak Influence 217 | . 122 43 . . 160 217 58 Average Influence 57 | . 69 43 . . 56 60 42 Maximum Alert Level 1 | . . . . . . 1 . Low Security (%) 98 | 100 100 100 . 100 100 96 100 Level 1 1 | . . . . . . 3 . Level 2 . | . . . . . . . . Level 3 . | . . . . . . . . Level 4 . | . . . . . . . . Level 5 . | . . . . . . . . High Security . | . . . . . . . . Max Security . | . . . . . . . . Squads Dispatched 11 | . 1 . . . 2 7 1 Investigation 4 | . . . . . 2 2 . Extermination 3 | . . . . . . 3 . Reinforcement 4 | . 1 . . . . 2 1 Assault . | . . . . . . . . Garrison . | . . . . . . . . Intercept . | . . . . . . . . Construction Impeded . | . . . . . . . . Haulers Reinforced . | . . . . . . . . Stealth | -11 -10 -10 -10 -9 -8 -7 -7 --------- Run | Scr Mat Min Exi Min Mat Fac Sto Distress Signals 1 | . . . . . . 1 . Communications Jammed . | . . . . . . . . Distress Signals . | . . . . . . . . Times Spotted 45 | . 9 . . . 14 21 1 Peak Tracking Total 4 | . 2 . . . 4 4 1 Tactical Retreats . | . . . . . . . . Traps | -11 -10 -10 -10 -9 -8 -7 -7 ------- Run | Scr Mat Min Exi Min Mat Fac Sto Traps Triggered 7 | . . . . . 1 6 . Indirectly . | . . . . . . . . Trap Hack Attempts . | . . . . . . . . Triggered . | . . . . . . . . Disarmed . | . . . . . . . . Reprogrammed . | . . . . . . . . Reused . | . . . . . . . . Traps Extracted . | . . . . . . . . Installed . | . . . . . . . . Triggered . | . . . . . . . . Machines | -11 -10 -10 -10 -9 -8 -7 -7 ---------- Run | Scr Mat Min Exi Min Mat Fac Sto Machines Disabled 6 | . 2 . . . 2 1 1 Max in Single Turn 1 | . 1 . . . 1 1 1 Machines Sabotaged . | . . . . . . . . Garrisons Compromised . | . . . . . . . . Overloaded Fab Kills . | . . . . . . . . Fab Network Shutdowns . | . . . . . . . . Hacking | -11 -10 -10 -10 -9 -8 -7 -7 --------- Run | Scr Mat Min Exi Min Mat Fac Sto Machines Accessed 19 | . 1 . 1 . 5 11 1 Terminals 13 | . 1 . . . 5 6 1 Fabricators 1 | . . . . . . 1 . Repair Stations 1 | . . . . . . 1 . Recycling Units . | . . . . . . . . Scanalyzers 3 | . . . . . . 3 . Garrison Access . | . . . . . . . . Total Hacks 54 | . 2 . 1 . 15 35 1 Successful 24 | . 1 . 1 . 7 14 1 Failed 30 | . 1 . . . 8 21 . Catastrophic 3 | . . . . . 2 1 . Database Lockouts . | . . . . . . . . Manual 22 | . 2 . 1 . 10 9 . Terminals 39 | . 2 . . . 15 21 1 Fabricators 2 | . . . . . . 2 . Repair Stations 2 | . . . . . . 2 . Recycling Units . | . . . . . . . . Scanalyzers 10 | . . . . . . 10 . Garrison Access . | . . . . . . . . Terminal Hacks 14 | . . . 1 . 4 8 1 Prototype ID Bank 2 | . . . . . 1 1 . Open Door 1 | . . . . . . . 1 Branch Access Points 1 | . . . . . . 1 . Fabricator Index 1 | . . . . . . 1 . Scanalyzer Index 1 | . . . . . . 1 . Unreport Threat 3 | . . . . . 2 1 . Locate Traps 2 | . . . . . 1 1 . Zone Layout 2 | . . . . . . 2 . EX-Prototype ID Bank 1 | . . . 1 . . . . Fabricator Hacks 1 | . . . . . . 1 . Build 1 | . . . . . . 1 . Repair Station Hacks . | . . . . . . . . Recycling Unit Hacks . | . . . . . . . . Scanalyzer 3 | . . . . . . 3 . Insert Component 2 | . . . . . . 2 . Analyze 1 | . . . . . . 1 . Garrison Access Hacks . | . . . . . . . . Unauthorized Hacks 16 | . 3 . . . 9 4 . Terminals 6 | . 1 . . . 3 2 . Botnet 6 | . 1 . . . 3 2 . Fabricators . | . . . . . . . . Repair Stations . | . . . . . . . . Recycling Units . | . . . . . . . . Scanalyzers . | . . . . . . . . Garrison Access . | . . . . . . . . Data Cores Recovered . | . . . . . . . . Used . | . . . . . . . . Hacking Detections 16 | . 1 . . . 5 10 . Full Trace Events 3 | . . . . . 1 2 . Feedback Events . | . . . . . . . . Feedback Blocked . | . . . . . . . . Robot Schematics Acquired . | . . . . . . . . Robots Built . | . . . . . . . . Matter . | . . . . . . . . Time . | . . . . . . . . Total Robot Build Rating . | . . . . . . . . Part Schematics Acquired . | . . . . . . . . Parts Built 2 | . . . . . . 2 . Matter 234 | . . . . . . 234 . Time 117 | . . . . . . 117 . Total Part Build Rating 14 | . . . . . . 14 . Parts Repaired . | . . . . . . . . Time . | . . . . . . . . Parts Recycled . | . . . . . . . . Recycled Matter . | . . . . . . . . Retrieved Matter . | . . . . . . . . Retrieved Components . | . . . . . . . . Parts Scanalyzed 1 | . . . . . . 1 . Part Schematics Acquired . | . . . . . . . . Parts Damaged . | . . . . . . . . Bothacking | -11 -10 -10 -10 -9 -8 -7 -7 ------------ Run | Scr Mat Min Exi Min Mat Fac Sto Used RIF Installer . | . . . . . . . . Robots Hacked . | . . . . . . . . Non-combat . | . . . . . . . . Combat . | . . . . . . . . Robot Hacks Applied . | . . . . . . . . Relay Couplers Released . | . . . . . . . . Robots Rewired . | . . . . . . . . Allies Hacked . | . . . . . . . . Hacks Repelled . | . . . . . . . . Allies | -11 -10 -10 -10 -9 -8 -7 -7 -------- Run | Scr Mat Min Exi Min Mat Fac Sto Total Allies . | . . . . . . . . Largest Group . | . . . . . . . . Highest-Rated Group . | . . . . . . . . Highest-Rated Ally . | . . . . . . . . Total Orders . | . . . . . . . . Ally Attacks . | . . . . . . . . Total Damage . | . . . . . . . . Kills . | . . . . . . . . Allies Corrupted . | . . . . . . . . Allies Melted . | . . . . . . . . Intel | -11 -10 -10 -10 -9 -8 -7 -7 ------- Run | Scr Mat Min Exi Min Mat Fac Sto Robot Analysis Total . | . . . . . . . . Derelict Logs Recovered 2 | . . 2 . . . . . Drone Launches . | . . . . . . . . Drone Recoveries . | . . . . . . . . Exploration | -11 -10 -10 -10 -9 -8 -7 -7 ------------- Run | Scr Mat Min Exi Min Mat Fac Sto Turns Passed 4262 | 48 328 83 380 18 1207 2045 153 Spaces Moved 2693 | 36 189 68 323 15 688 1267 107 Core 2 | 2 . . . . . . . Treads 16 | . . . . . . 16 . Legs . | . . . . . . . . Wheels 2675 | 34 189 68 323 15 688 1251 107 Hover . | . . . . . . . . Flight . | . . . . . . . . Fastest Speed 50 | 50 100 120 110 120 100 100 120 Average Speed 108 | 97 117 120 115 120 101 108 120 Slowest Speed 200 | 100 120 120 120 120 130 200 120 Overloaded Moves . | . . . . . . . . Propulsion Burnouts . | . . . . . . . . Robots Hopped . | . . . . . . . . Cave-ins Triggered . | . . . . . . . . Exploration Rate (%) 26 | 3 33 19 66 7 39 32 13 Regions Visited 7 Branch Regions 4 Pre-discovered Areas . | . . . . . . . . Known Exits Taken 2 | . . . . . 1 1 . Unknown Exits Taken 5 | 1 1 1 1 1 . . . Scrap Searched . | . . . . . . . . Spaces Dug 19 | . . . . . . 19 . Terrain Destroyed 57 | . . . . . 35 22 . Melee 19 | . . . . . . 19 . Projectile . | . . . . . . . . AOE 38 | . . . . . 35 3 . Actions | -11 -10 -10 -10 -9 -8 -7 -7 --------- Run | Scr Mat Min Exi Min Mat Fac Sto Total 3707 | 45 258 69 329 15 1097 1764 130 Wait 661 | . 42 . . 1 290 308 20 Move 2686 | 35 188 67 322 14 687 1266 107 Hop . | . . . . . . . . Pick Up 45 | 4 7 1 3 . 15 15 . Fast Attach 38 | 6 1 . . . 9 22 . Attach 12 | . 1 1 1 . 3 6 . Detach . | . . . . . . . . Swap 23 | . . . 2 . 10 10 1 Drop 53 | . 1 . 1 . 24 26 1 Fire 113 | . 18 . . . 59 36 . Melee 76 | . . . . . . 75 1 Ram . | . . . . . . . . Kick . | . . . . . . . . Crush . | . . . . . . . . Escape Stasis . | . . . . . . . . Rewire . | . . . . . . . . Trap . | . . . . . . . . Miscellaneous . | . . . . . . . . Route ------- -11/Scrapyard -10/Materials -10/Mines -10/Exiles -9/Mines -8/Materials -7/Factory (discovered 6 exits: *Fac x2 / *Sto x2 / Low x2) -7/Storage History --------- Turn | Location | Event 20 | -11/Scrapyard | Discovered new exit (range 16) 49 | -11/Scrapyard | Entered Materials 234 | -10/Materials | Met 8R-AWN 269 | -10/Materials | Discovered new exit (range 16) 314 | -10/Materials | Build established: Mutant 377 | -10/Materials | Entered Mines 378 | -10/Mines | Followed 8R-AWN into the Mines 378 | -10/Mines | Found a damaged Exp. Sensor Array with a note attached 382 | -10/Mines | Found Prototype Device 426 | -10/Mines | Learned Materials non-interactive machine intel 455 | -10/Mines | Discovered new exit (range 5) 460 | -10/Mines | Entered Exiles 489 | -10/Exiles | Welcomed by 8R-AWN 508 | -10/Exiles | Met EX-HEX 591 | -10/Exiles | Met EX-DEC 667 | -10/Exiles | Met EX-BIN 683 | -10/Exiles | Aligned with FarCom system 684 | -10/Exiles | Given EX-Vault access code 709 | -10/Exiles | Opened EX-Vault 717 | -10/Exiles | Found AWS/Gauss 721 | -10/Exiles | Found Gui. Plasma Cannon 726 | -10/Exiles | Found Modified TNC 751 | -10/Exiles | Warned to stay clear of 0b10 Research branches 831 | -10/Exiles | Discovered new exit (range 10) 840 | -10/Exiles | Stole three prototypes: Modified TNC, Gui. Plasma Cannon, AWS/Gauss 840 | -10/Exiles | Entered Mines 855 | -9/Mines | Discovered new exit (range 3) 858 | -9/Mines | Entered Materials 858 | -8/Materials | Evolved 4 slots: Propulsion x1, Utility x3 859 | -8/Materials | Loaded intel: 45 non-interactive machine locations 1269 | -8/Materials | Build established: Scavenger-Mutant 1573 | -8/Materials | Discovered new exit (range 4) 2063 | -8/Materials | Identified exit to Factory 2065 | -8/Materials | Entered Factory 2065 | -7/Factory | Evolved 2 slots: Utility x1, Weapon x1 2065 | -7/Factory | Identified Exp. Sensor Array 2066 | -7/Factory | Identified exit to Storage 2067 | -7/Factory | FarCom data flow suspended 2180 | -7/Factory | Identified exit to Lower Caves 3477 | -7/Factory | Discovered new exit (range 13) 3515 | -7/Factory | Identified exit to Factory 3834 | -7/Factory | Discovered exit to Factory (range 10) 3987 | -7/Factory | Core integrity fell below 50% 4021 | -7/Factory | Build established: Mutant 4023 | -7/Factory | Fabricated Imp. Force Field (x2) 4110 | -7/Factory | Entered Storage 4263 | -7/Storage | Self-destructed Last Messages --------------- 04030_ Dropped Minigun. 04031_ Acquired Imp. Force Field. 04032_ System corrupted: Energy discharge (-33). 04057_ System corrupted: Heat flow error (+289). 04057_ Connecting with Fabricator... 04065_ ALERT: Rogue bot located, Programmers report to Factory Zone 8W. 04110_ GGLEM4|PYMACXTQ&WM,BH4KHVF38|Z0WSLSWI1 LOCATION=STORAGE GOAL=ESCAPE 04151_ T-07 Excavator is excavating. 04161_ Connecting with Terminal... >>Open Sealed Heavy Doors opened. 04163_ Dropped Lgt. Treads. 04170_ System corrupted: Heat flow error (+200). 04188_ MVZRW,MGL39 5L|B7>AXW/HXLC 04255_ O-24 Administrator: "IFF HANDSHAKE FAILED. SECURING TERMINAL." 04258_ Storage Shell breached. 04262_ ALERT: Hostiles spotted, dispatching reinforcements to Terminal S008. Map ----- +----------------------------------------------------+ | ????????????????????????????????????? | | ????????????????????????????????????? | | ????????????????????????????????????? | | ????????????????????????????????????? | | ????????????????????????????????????? | | ????????????????????????????????????? | | ????????????????????????????????????? | | ????????????????????????????????????? | | ???????????????????????o????????????? | | ????????????????????????????????????? | | ????????????????????????????? ????? | | ????????????????????????????? #???? | | ????????????????????????????? #???? | | ???????????????k????????????? #???? | | ?????????????????k??????????? #???? | | ????????????? ??????????????? #???? | | ????????????? ??????????????? #???? | | ????????????? ??????????????# #???? | | ???????????a? ??????????????# #???? | | ????????g???? ??????????????# #???? | | ????????????? ?????????###### #???? | | ???????k????? ?????????? # #???? | | ????????????# #?????????? # #???? | | ????????????# #????o?"""""" # #???? | | ????????????# #??????"][[[ + #???? | | ????????????# #??????"[/*@" # #???? | | ????????????# #??????"""""" # #???? | | ????????????# #??????????? # #???? | | ????????????# #?????????? # #???? | | ???########## ############### #???? | | ???# + #?# #???? | | ???# ######## # #?# #???? | | ???# ###????# # #?# #???? | | ???# #T####?# + #?# #???? | | ???# # ==#?# #? ???# #???? | | #### # ==#?# ####+###### #???? | | + ==#?# #???? | | #### ######?# ###### #???? | | ???# #??????# #????# #???? | | ???# #??????# #????# #???? | | ???# #??????##########+###??#####???? | | ??? ???????????????# #??????????? | | ??? #???????????????# #??????????? | | ???##????????????????# #??????????? | | ??????????????????????####??????????? | | ????????????????????????????????????? | | | | | | | | | +----------------------------------------------------+ Best States ------------- Heat Dissipation 80 Energy Generation 15 Energy Capacity 265 Matter Stores 300 Matter Capacity 300 Sight Range 20 Robot Scan Range 30 Terrain Scan Density 10 Armor Coverage 150 Evasion (%) 40 Recoil Reduction 1 Defensive Hacking 10 Item Schematics ----------------- None Robot Schematics ------------------ None Fabricated ------------ Imp. Force Field | x2 | -7/Factory | Preloaded Alien Tech Used ----------------- None Achievements -------------- None Challenges ------------ None Game ------ Seed MatterShrapnelPropulsion Manual? 0 Play Time 00:25:32 Cumulative 668.7 hours Start 2020.01.31 @ 15:53:47 End 2020.01.31 @ 16:18:40 Sessions 1 Manual Loads 0 Difficulty Rogue Special Mode None Game No. 617 Rogue 577 Adventurer 40 Explorer 0 Win Type - Total 56 Types 42/0/12/2/0/0/0 Lore% 89 Gallery% 90 Achievement% 70 Wizard Run 0 Options --------- ASCII 0 Keyboard 0 Movement Numpad Keybinds 0 Fullscreen 0 Font 16/Terminus Map View 76x50 Tactical HUD 1 Map Filters NONE Filters NONE Steam 1 RUN: 990e78ee-8ea4-440d-8c20-205ca7732c8c